 Dungeon Crawl Stone Soup version 0.32-a0-699-g1ee5eff69a (webtiles) character file.

Game seed: 5067999750118996234

125 soberseth the Shield-Bearer (level 4, -5/41 HPs)
             Began as a Minotaur Fighter on Mar 13, 2024.
             Slain by a gnoll
             ... wielding a +0 halberd
              (7 damage)
             ... on level 3 of the Dungeon.
             The game lasted 00:03:23 (1568 turns).

soberseth the Shield-Bearer (Minotaur Fighter)      Turns: 1568, Time: 00:03:24

Health: -5/41      AC:  8    Str: 23    XL:     4   Next: 82%
Magic:  3/3        EV:  8    Int:  5    God:
Gold:   213        SH:  4    Dex:  9    Spells: 3/3 levels left

rFire   . . .        a - +0 war axe
rCold   . . .        c - +0 buckler
rNeg    . . .        b - +0 scale mail
rPois   +            (helmet restricted)
rElec   .            (no cloak)
rCorr   .            n - +0 pair of gloves
SInv    .            (no boots)
Will    .....        f - amulet of regeneration Stlth
                     l - ring of poison resistance
HPRegen 1.06/turn    (no ring)
MPRegen 0.08/turn

%: no passive effects
@: no status effects
A: horns 2, retaliatory headbutt
a: no special abilities


You were on level 3 of the Dungeon.
You visited 1 branch of the dungeon, and saw 3 of its levels.

You collected 213 gold pieces.

Inventory:

Hand Weapons
 a - a +0 war axe (weapon)
Armour
 b - a +0 scale mail (worn)
 c - a +0 buckler (worn)
 n - a +0 pair of gloves (worn)
Jewellery
 f - an amulet of regeneration (around neck)
 l - a ring of poison resistance (left hand)
Scrolls
 g - 2 scrolls of teleportation {unknown}
 i - a scroll of revelation {unknown}
 j - a scroll of fog {unknown}
 k - a scroll of fear {unknown}
 o - a scroll of amnesia {unknown}
 r - a scroll of enchant weapon {unknown}
Potions
 d - a potion of might
 e - 2 potions of heal wounds {unknown}
 h - a potion of berserk rage {unknown}
 m - a potion of haste {unknown}
 p - a potion of ambrosia {unknown}
 q - a potion of degeneration {unknown}


   Skills:
 + Level 4.4 Fighting
 * Level 4.3 Axes
 + Level 4.4 Armour
 + Level 4.4 Shields


You had 3 spell levels left.
You didn't know any spells.
Your spell library contained the following spells:

 Spells                   Type           Power      Damage    Failure   Level
 Dazzling Flash           Conj/Hex       0%         N/A       99%         3
 Mephitic Cloud           Conj/Alch/Air  0%         N/A       99%         3
 Curse of Agony           Necr           0%         N/A       100%        5
 Silence                  Hex/Air        0%         N/A       100%        5


Dungeon Overview and Level Annotations

Branches:
Dungeon (3/15)

Altars:


Innate Abilities, Weirdness & Mutations

You have a pair of horns on your head.
You reflexively headbutt those who attack you in melee.


Message History

You take 3 damage, and have 38/41 hp.
You closely miss the gnoll. You slash the gnoll!
You block the gnoll's attack. x2
You regained 2 hp, and now have 40/41 hp.
You slash the gnoll!
You kill the gnoll!
You hit the gnoll. x2; The gnoll barely misses you.
You block the gnoll's attack.
The gnoll hits you from afar with a +0 halberd!
You take 11 damage, and have 29/41 hp.
MASSIVE DAMAGE!!
You barely miss the gnoll.
You headbutt the gnoll, but do no damage.
The gnoll is lightly wounded.
You closely miss the gnoll. The gnoll closely misses you.
The gnoll barely misses you. You block the gnoll's attack.
The gnoll hits you with a +0 club. The gnoll barely misses you.
The gnoll hits you with a +0 flail.
You take 7 damage, and have 22/41 hp.
You are too injured to fight recklessly!
You are too injured to fight recklessly!
You are too injured to fight recklessly!
You completely miss the gnoll.
The gnoll is lightly wounded.
You hit the gnoll. The gnoll hits you with a +0 club.
The gnoll closely misses you. x2
You completely miss the gnoll. You headbutt the gnoll!
The gnoll is severely wounded.
You hit the gnoll. The gnoll hits you with a +0 club.
The gnoll hits you with a +0 flail.
The gnoll hits you from afar with a +0 halberd!
* * * LOW HITPOINT WARNING * * *
You take 22 damage, and have 1/41 hp.
MASSIVE DAMAGE!!
You hit the gnoll.
The gnoll is almost dead.
You hit the gnoll.
You kill the gnoll!
The gnoll hits you but does no damage.
The gnoll hits you from afar with a +0 halberd.
* * * LOW HITPOINT WARNING * * *
The gnoll hits you from afar with a +0 halberd!
You die...

.# #.# #.# #######.#
#.....#.#
#...g.#.####.....#.
#....)#............
#....g@.###.......##
#....)#.##..........###
#.....#.##..........#..
#.....#.##..........#..
#.....#.##..........#..
#.....#...<.........#..
#.....####..........#..
#####..................
#####..............


You could see 2 gnolls.

Vanquished Creatures
  5 gnolls
  3 adders (D:2)
  A ribbon worm (D:2)
  7 ball pythons
  10 endoplasms
  3 giant cockroaches
  3 hobgoblins
  4 quokkas
  5 bats
  A frilled lizard (D:1)
  7 goblins
  5 kobolds
  3 rats (D:1)
57 creatures vanquished.

Notes
Turn   | Place    | Note
-------+----------+-------------------------------------------
     0 | D:1      | soberseth the Minotaur Fighter began the quest for the Orb.
     0 | D:1      | Reached XP level 1. HP: 19/19 MP: 0/0
    72 | D:1      | Reached XP level 2. HP: 26/27 MP: 1/1
   804 | D:2      | Reached XP level 3. HP: 27/33 MP: 2/2
  1236 | D:2      | Reached XP level 4. HP: 40/40 MP: 3/3
  1567 | D:3      | HP: 1/41 [gnoll/+0 halberd (13)]
  1568 | D:3      | Slain by a gnoll

Illustrated notes

Levels and vault maps discovered:
D:1:      roderic_chinese_lattice_arrival, layout_loops_ring
D:2:      layout_loops_ring, minmay_split_cup_small
D:3:      layout_rooms

Skill      XL: |  1  2  3  4 |
---------------+-------------+-----
Axes           | 3 4 |  4.3
Fighting       | 4 |  4.4
Armour         | 4 |  4.4
Shields        | 4 |  4.4

Action                     |  1- 3 |  4- 6 || total
---------------------------+-------+-------++-------
  Melee: War axe           |   100 |    35 ||   135
         Headbutt          |     9 |     4 ||    13
 Armour: Scale mail        |    62 |    38 ||   100
  Dodge: Dodged            |    47 |    14 ||    61
  Block: Buckler           |    28 |     7 ||    35

Table legend: (Time is in decaauts)
 A = Elapsed time spent in this place.
 B = Non-inter-level travel time spent in this place.
 C = Inter-level travel time spent in this place.
 D = Time resting spent in this place.
 E = Time spent auto-exploring this place.
 F = Levels seen in this place.
 G = Mean time per level.
                   A        B        C        D        E       F      G
               +--------+--------+--------+--------+--------+-----+--------+
         Total |   1616 |   1538 |     78 |     22 |   1159 |   3 |  538.7 |
       Dungeon |   1616 |   1538 |     78 |     22 |   1159 |   3 |  538.7 |
               +--------+--------+--------+--------+--------+-----+--------+

Top non-repeatable levels by time:
     D:2: 767 daAuts
     D:1: 764 daAuts
     D:3: 84 daAuts
